 Dungeon Crawl Stone Soup version 0.20.1-1-g8b1a95d (webtiles) character file.

28 Chaoticas the Slasher (level 2, 0/24 HPs)
             Began as a Demonspawn Abyssal Knight on July 18, 2017.
             Was a Follower of Lugonu.
             Succumbed to an adder's poison
             ... on level 2 of the Dungeon.
             The game lasted 00:02:59 (1628 turns).

Chaoticas the Slasher (Demonspawn Abyssal Knight)   Turns: 1628, Time: 00:03:00

Health: 0/24       AC:  3    Str: 12    XL:     2   Next: 96%
Magic:  3/3        EV: 11    Int: 13    God:    Lugonu [*.....]
Gold:   48         SH:  0    Dex: 12    Spells: 1/1 levels left

rFire    . . .     SeeInvis +   a - +1 falchion
rCold    . . .     Gourm    .   (no shield)
rNeg     . . .     Faith    .   b - +0 leather armour
rPois    .         Spirit   .   (no helmet)
rElec    .         Reflect  .   (no cloak)
rCorr    .         Harm     .   (no gloves)
MR       .....                  (no boots)
Stlth    +.........             (no amulet)
Regen    0.1/turn               h - ring of see invisible
MPRegen  0.1/turn               (no ring)

@: lethally poisoned (0 -> -7)
A: powered by death 1
a: Depart the Abyss, Renounce Religion


You were on level 2 of the Dungeon.
You worshipped Lugonu.
Lugonu was aware of your devotion.
You were not hungry.

You visited 1 branch of the dungeon, and saw 2 of its levels.
You visited the Abyss 1 time.

You collected 48 gold pieces.

Inventory:

Hand Weapons
 a - a +1 falchion (weapon)
Missiles
 e - 17 bolts
Armour
 b - a +0 leather armour (worn)
Jewellery
 h - a ring of see invisible (left hand)
   (You found it on level 1 of the Dungeon)
Scrolls
 g - a scroll of teleportation {unknown}
 i - a scroll of remove curse {unknown}
 k - a scroll of fog {unknown}
Potions
 d - 2 potions of curing {unknown}
 j - 2 potions of haste {unknown}
Books
 f - a book of Cantrips
   (You found it on level 2 of the Dungeon)

   Spells                             Type                      Level
   a - Confusing Touch                Hexes                        1
   b - Animate Skeleton               Necromancy                   1
   c - Summon Small Mammal            Summoning                    1
   d - Apportation                    Translocation                1
Comestibles
 c - a bread ration


   Skills:
 - Level 3.0 Fighting
 * Level 3.1 Long Blades
 - Level 1.7 Armour
 - Level 0.8 Dodging
 - Level 2.4 Invocations


You had one spell level left.
You didn't know any spells.

Dungeon Overview and Level Annotations

Branches:
Dungeon (2/15)

Altars:
Elyvilon
Zin
The Shining One


Innate Abilities, Weirdness & Mutations

You regenerate a little health from kills.


Message History

The worm is heavily wounded.
You hit the worm.
The worm is heavily wounded.
The worm bites you!
You hit the worm.
The worm is severely wounded.
The worm misses you.
You hit the worm.
The worm is almost dead.
You barely miss the worm.
The worm is almost dead.
The worm barely misses you.
You riposte.
You hit the worm.
You kill the worm!
Lugonu accepts your kill.
You start resting.
HP restored.
f - a book of Cantrips
Found a stone staircase leading up.
Okay, then.
Okay, then.
Found 17 gold pieces.
You now have 48 gold pieces (gained 10).
Okay, then.
You enter a teleport trap!
The teleport trap disappears.
Your surroundings suddenly seem different.
An adder comes into view.
The adder hisses angrily.
The adder bites you. The adder closely misses you.
You riposte.
You closely miss the adder. You barely miss the adder. The adder bites you.
You miss the adder. The adder bites you.
* * * LOW HITPOINT WARNING * * *
You are poisoned.
The adder poisons you! The adder bites you.
* * * LOW HITPOINT WARNING * * *
You barely miss the adder.
You feel sick. The adder misses you.
You riposte.
You closely miss the adder.
Okay, then.
You barely miss the adder.
You feel sick. The adder bites you.
* * * LOW HITPOINT WARNING * * *
The adder bites you.
* * * LOW HITPOINT WARNING * * *
You are lethally poisoned!
The adder poisons you!
Found a hunting sling.
You closely miss the adder.
* * * LOW HITPOINT WARNING * * *
You feel sick. The adder bites you but does no damage. The adder bites you.
* * * LOW HITPOINT WARNING * * *
You die...

#...............#
#####+#........##.#.#
#..............+....#
#..............#..#.#
#$...<.........#..#.#
#......#########..# #
#...... #..# #
#...... #..#.####
#...... #@...)...
#...... ####.#####.#
####### #...S......#
#.##.#####.# # #.#
..# ####


You could see an adder.

Vanquished Creatures
  2 worms (D:2)
  A dart slug (D:1)
  A giant cockroach (D:1)
  3 goblins (D:1)
  4 hobgoblins
  3 bats
  A frilled lizard (D:1)
  A kobold (D:1)
  4 rats (D:1)
20 creatures vanquished.

Notes
Turn   | Place    | Note
-------+----------+-------------------------------------------
     0 | Abyss:1  | Chaoticas the Demonspawn Abyssal Knight began the quest for the Orb.
     0 | Abyss:1  | Reached XP level 1. HP: 18/18 MP: 2/2
   123 | Abyss:1  | Noticed a large abomination
   123 | D:1      | Escaped the Abyss
   174 | D:1      | HP: 6/18 [hobgoblin/club (5)]
   382 | D:1      | HP: 9/18 [dart slug/slug dart (7)]
   384 | D:1      | Reached skill level 2 in Long Blades
   662 | D:1      | Gained mutation: You regenerate a little health from kills. [demonic ancestry]
   662 | D:1      | Reached XP level 2. HP: 24/24 MP: 3/3
   671 | D:1      | Reached * piety under Lugonu
  1224 | D:2      | Reached skill level 3 in Long Blades
  1321 | D:2      | Found a glowing golden altar of the Shining One.
  1321 | D:2      | Found a glowing silver altar of Zin.
  1321 | D:2      | Found a white marble altar of Elyvilon.
  1609 | D:2      | Identified a book of Cantrips
  1622 | D:2      | HP: 12/24 [adder (4)]
  1627 | D:2      | HP: 5/24 [poisoned by an adder]
  1627 | D:2      | HP: 1/24 [adder (4)]
  1628 | D:2      | Succumbed to an adder's poison

Skill      XL: |  1  2 |
---------------+-------+-----
Long Blades    | 2 3 |  3.1
Fighting       | |  3.0
Armour         | |  1.7
Dodging        | |  0.8
Invocations    | |  2.4

Action                   || total
-------------------------++-------
Melee: Falchion          ||    59
Invok: Depart the Abyss  ||     1
  Eat: Chunk             ||     2
Armor: Leather armour    ||     9
Dodge: Dodged            ||    28
       Rpst.: Falchion   ||    13
